Map: Cyber Forest LE

Players

Elazer - Winner!

  • Race: Zerg Zerg
  • Spawn Location: 11:00

Marinelord

  • Race: Terran Terran
  • Spawn Location: 5:00

Event: 2019 WCS Spring

VOD

Have the link to the VOD?

Description

Time

  • Played on: May 18, 2019, 11:33 a.m.
  • Length: 13:31

All games in this series

Show
View Real Time Build Order
Export as new Build Order

Elazer Zerg - Winner!

Build Orders: Hatch First 

Get SALT Encoding   

  12  0:02  Drone  
  13  0:12  Overlord  
  13  0:16  Drone  
  14  0:30  Drone x2  
  16  0:47  Hatchery  
  15  0:51  Drone  
  15  0:55  Drone  
  17  1:00  Drone  
  18  1:07  Drone  
  19  1:14  Extractor  
  18  1:22  Drone, Spawning Pool  
  18  1:28  Drone  
  19  1:39  Drone  
  20  1:50  Drone  
  21  2:09  Zergling x4  
  21  2:10  Queen x2  
  27  2:18  Hatchery  
  27  2:22  Overlord  
  26  2:26  Metabolic Boost  
  26  2:30  Spore Crawler  
  26  2:34  Drone  
  26  2:36  Drone  
  28  2:42  Drone x3  
  31  2:45  Drone  
  32  2:53  Queen  
  32  2:57  Overlord  
  34  3:00  Drone  
  34  3:02  Drone  
  36  3:17  Drone x2  
  36  3:18  Drone x4  
  42  3:24  Overlord  
  42  3:29  Queen  
  42  3:31  Queen  
  46  3:35  Drone x2  
  46  3:36  Drone  
  46  3:40  Overlord  
  49  3:42  Drone  
  49  3:46  Drone  
  51  3:51  Zergling x6  
  51  3:53  Drone x2  
  51  3:55  Drone  
  57  4:01  Drone x3  
  57  4:02  Drone  
  61  4:04  Drone  
  62  4:12  Lair  
  62  4:13  Drone x2  
  62  4:14  Overlord  
  64  4:22  Overlord  
  64  4:23  Drone x2  
  65  4:27  Spore Crawler  
  65  4:29  Drone x2, Spore Crawler  
  65  4:30  Drone, Spore Crawler  
  65  4:37  Zergling x4  
  67  4:40  Drone x4  
  67  4:44  Drone x3  
  67  4:45  Extractor x2  
  72  4:47  Overlord  
  72  4:48  Drone x2  
  72  4:52  Extractor  
  73  4:55  Queen  
  73  4:56  Queen  
  73  4:58  Drone, Overlord  
  73  4:59  Drone  
  79  5:02  Drone x2  
  81  5:09  Drone x4  
  81  5:13  Queen, Extractor x2  
  85  5:19  Spire  
  85  5:20  Drone x4  
  88  5:23  Overlord  
  88  5:26  Drone x2  
  90  5:30  Queen  
  90  5:33  Overlord  
  92  5:36  Queen  
  92  5:38  Drone x3  
  92  5:42  Overlord  
  96  5:47  Zergling x6, Evolution Chamber  
  96  5:49  Evolution Chamber  
  97  5:51  Zergling x4  
  97  5:54  Overlord  
  97  5:55  Drone x3  
  101  5:59  Overlord  
  101  6:03  Queen  
  98  6:04  Overlord  
  98  6:07  Drone x2  
  98  6:09  Drone x2  
  100  6:14  Drone x4  
  100  6:17  Zerg Ground Armor Level 1  
  98  6:22  Drone, Overlord  
  98  6:23  Drone  
  97  6:35  Overlord  
  97  6:38  Corruptor x2  
  101  6:40  Hatchery  
  101  6:43  Corruptor x2  
  101  6:46  Corruptor  
  106  6:49  Corruptor  
  108  6:54  Corruptor  
  108  6:59  Corruptor x2  
  114  7:03  Corruptor  
  114  7:04  Corruptor  
  118  7:09  Zerg Melee Weapons Level 1  
  118  7:11  Baneling Nest  
  117  7:16  Zergling x10  
  121  7:23  Overlord  
  121  7:26  Zergling x16  
  129  7:30  Overlord  
  129  7:31  Zerg Flyer Armor Level 1  
  129  7:32  Overlord  
  129  7:34  Burrow  
  129  7:35  Zergling x2  
  130  7:41  Overlord  
  130  7:42  Zergling x2  
  125  7:53  Drone  
  125  7:54  Drone x5  
  125  7:58  Overlord  
  124  8:00  Zergling x14  
  124  8:01  Baneling x6  
  130  8:07  Centrifical Hooks  
  130  8:10  Zergling x8  
  131  8:15  Zerg Ground Armor Level 2  
  131  8:16  Drone  
  131  8:17  Drone x2  
  134  8:21  Drone  
  134  8:24  Drone  
  134  8:25  Drone  
  137  8:28  Overlord  
  137  8:30  Overlord  
  137  8:32  Infestation Pit, Drone x3  
  139  8:40  Zergling x8  
  143  8:48  Hatchery  
  142  8:49  Zergling x10  
  147  9:02  Zergling x12, Overlord  
  153  9:03  Zergling x4  
  153  9:07  Baneling x7  
  153  9:09  Hive  
  151  9:12  Zergling x2, Overlord  
  151  9:13  Zergling x4  
  151  9:16  Baneling x7  
  154  9:18  Overlord  
  154  9:21  Drone x3  
  154  9:22  Drone, Zergling x10  
  163  9:28  Zergling x2  
  163  9:29  Zergling x10  
  169  9:35  Zergling x4  
  169  9:37  Zerg Melee Weapons Level 2  
  171  9:40  Zergling x6  
  170  9:59  Extractor  
  169  10:01  Drone x3  
  169  10:02  Drone, Spore Crawler  
  169  10:03  Drone  
  169  10:04  Spore Crawler  
  169  10:05  Drone x2  
  169  10:06  Drone x2, Spore Crawler  
  175  10:09  Drone x2, Baneling x3  
  175  10:10  Baneling x3  
  177  10:14  Zergling x16, Spore Crawler  
  177  10:17  Spore Crawler  
  181  10:23  Corruptor x4, Hatchery  
  186  10:33  Corruptor  
  186  10:34  Corruptor x3  
  186  10:39  Overlord  
  186  10:41  Zerg Flyer Armor Level 2  
  188  10:57  Zergling x24  
  188  11:02  Ultralisk Cavern, Adrenal Glands  
  195  11:06  Viper  
  198  11:11  Spore Crawler  
  198  11:12  Spore Crawler x2  
  198  11:16  Viper  
  198  11:22  Hatchery  
  197  11:29  Viper  
  196  11:50  Chitinous Plating  
  196  11:52  Baneling x11  
  194  12:03  Zergling x10  
  164  12:24  Ultralisk x3  
  164  12:25  Corruptor x5, Ultralisk  
  163  12:32  Corruptor  
  163  12:34  Zergling x2  
  163  12:35  Zergling x18  
  175  12:41  Corruptor  
  170  12:44  Zergling x12  
  170  12:53  Zergling x18  
  170  12:57  Corruptor  
  170  12:58  Hatchery  
  177  13:07  Zergling x2  
Show
View Real Time Build Order
Export as new Build Order

Marinelord Terran 

Build Orders: Gas First Reaper Expand 

Get SALT Encoding   

  12  0:00  SCV  
  13  0:12  SCV  
  14  0:17  Supply Depot  
  14  0:25  SCV  
  15  0:28  Refinery  
  15  0:39  SCV  
  16  0:45  Barracks  
  16  0:51  SCV  
  17  1:03  SCV  
  18  1:15  SCV  
  19  1:31  Orbital Command  
  19  1:32  Reaper  
  20  1:42  Command Center  
  20  1:56  Factory  
  20  1:57  SCV  
  21  2:05  Supply Depot  
  21  2:06  Barracks Reactor  
  21  2:10  SCV  
  21  2:15  Refinery  
  22  2:22  SCV  
  23  2:34  SCV  
  24  2:42  Marine x2  
  24  2:43  Hellion  
  28  2:46  SCV  
  28  2:48  Starport  
  29  2:55  Orbital Command  
  29  2:58  SCV  
  30  3:10  SCV  
  31  3:15  Refinery  
  31  3:17  Refinery  
  31  3:21  SCV  
  31  3:22  SCV  
  33  3:32  Fusion Core  
  33  3:33  SCV, Starport  
  34  3:35  SCV  
  35  3:46  SCV  
  35  3:47  SCV  
  37  3:54  Starport Tech Lab  
  37  3:58  SCV  
  37  3:59  SCV  
  39  4:06  Supply Depot  
  39  4:10  Starport Tech Lab, SCV, Supply Depot  
  39  4:11  SCV  
  41  4:20  Battlecruiser  
  41  4:22  SCV  
  45  4:25  SCV  
  50  4:34  SCV  
  50  4:37  SCV  
  52  4:41  Battlecruiser  
  54  4:46  SCV  
  54  4:49  SCV, Supply Depot  
  56  4:58  Hellion x2, SCV  
  61  5:02  SCV  
  61  5:06  Barracks Tech Lab  
  62  5:10  Supply Depot  
  62  5:11  SCV  
  62  5:12  Supply Depot  
  63  5:17  SCV  
  64  5:22  Command Center  
  64  5:23  SCV  
  65  5:32  SCV  
  65  5:35  SCV  
  67  5:40  Battlecruiser  
  73  5:44  Marine, SCV  
  73  5:46  Stimpack  
  73  5:47  SCV  
  76  5:56  SCV  
  77  5:59  SCV  
  77  6:03  Battlecruiser  
  80  6:08  SCV  
  80  6:10  Marine  
  81  6:11  SCV  
  81  6:13  Weapon Refit  
  82  6:20  SCV  
  82  6:23  SCV  
  84  6:26  Barracks  
  84  6:28  Marine  
  84  6:29  Barracks  
  86  6:32  SCV  
  86  6:35  Orbital Command  
  86  6:36  Factory Reactor, SCV  
  87  6:40  Engineering Bay x2  
  87  6:45  Marine, SCV  
  87  6:47  Battlecruiser  
  95  6:48  SCV  
  95  6:49  Supply Depot  
  96  6:55  Orbital Command  
  96  6:57  SCV  
  96  7:00  SCV  
  98  7:09  Refinery, SCV  
  98  7:11  Battlecruiser  
  98  7:12  SCV  
  98  7:13  Refinery  
  106  7:20  Terran Infantry Armor Level 1, Terran Infantry Weapons Level 1  
  106  7:21  SCV  
  106  7:22  SCV  
  108  7:24  SCV  
  109  7:34  Factory Tech Lab  
  109  7:35  Marine x2, Supply Depot  
  109  7:36  Marine, SCV x2  
  114  7:38  SCV, Supply Depot  
  114  7:44  Marine x2  
  117  7:55  Marine x3  
  114  8:01  Marine  
  114  8:02  Marine, Missile Turret  
  114  8:04  SCV  
  108  8:07  SCV  
  108  8:08  SCV  
  108  8:09  Barracks  
  108  8:10  Barracks  
  103  8:13  Marine x3  
  103  8:16  Battlecruiser, SCV  
  103  8:19  Marine  
  108  8:20  Marine  
  108  8:24  Siege Tank  
  112  8:31  Marine x3  
  112  8:33  Armory  
  115  8:34  Armory  
  117  8:43  Battlecruiser  
  117  8:45  Supply Depot  
  117  8:47  Supply Depot  
  117  8:48  Supply Depot  
  121  8:49  Marine  
  121  8:50  Marine x2, Supply Depot  
  121  8:52  Combat Shield  
  121  8:54  Marine x2  
  127  8:56  Siege Tank  
  130  9:03  Barracks Reactor  
  130  9:04  Barracks Reactor  
  130  9:07  Marine  
  130  9:10  Missile Turret  
  130  9:11  Missile Turret  
  130  9:12  Command Center  
  130  9:15  Marauder  
  132  9:19  Supply Depot  
  138  9:25  Terran Infantry Armor Level 2, Terran Infantry Weapons Level 2  
  138  9:27  Terran Vehicle And Ship Armor Level 1, Terran Ship Weapons Level 1  
  132  9:32  Marine x3  
  132  9:34  Marine  
  132  9:36  Marine  
  136  9:47  Marine x2  
  136  9:52  Battlecruiser  
  137  9:54  Marine x4  
  137  9:55  Marine  
  137  9:56  Marine  
  143  10:00  Siege Tank  
  143  10:03  Marine  
  143  10:05  Marine x2, Starport  
  149  10:10  SCV x3  
  152  10:15  Marine x2  
  152  10:21  Marine  
  155  10:23  Battlecruiser  
  155  10:28  SCV, Missile Turret  
  162  10:31  SCV  
  162  10:33  SCV  
  162  10:40  Marine, SCV  
  162  10:41  Marine  
  165  10:43  Marine, SCV  
  165  10:46  Marine x2  
  165  10:48  Marine x4  
  173  10:52  Siege Tank  
  173  10:56  Battlecruiser  
  182  10:58  Marine, Planetary Fortress  
  182  10:59  Marine  
  182  11:03  Starport Reactor  
  184  11:08  Refinery  
  184  11:10  Refinery  
  184  11:26  Siege Tank  
  186  11:34  Barracks  
  186  11:35  Barracks  
  186  11:36  Barracks  
  186  11:43  Command Center  
  186  11:52  Marine  
  187  11:56  Marine  
  188  12:03  Supply Depot  
  188  12:11  Marine, SCV x3  
  188  12:13  Marine x2  
  188  12:15  Marine x3  
  188  12:16  Marine  
  188  12:17  Marine x2, SCV  
  157  12:23  SCV  
  157  12:26  Battlecruiser  
  157  12:29  Marine  
  116  12:31  Marine x2  
  116  12:32  Marine  
  116  12:33  Marine x2  
  116  12:34  Marine x2, SCV x2  
  116  12:35  SCV  
  125  12:38  Marine, SCV  
  126  12:47  Marine  
  126  12:49  Marine x2  
  118  12:51  Marine x2  
  118  12:54  SCV x4  
  121  12:59  Medivac x2  
  127  13:06  SCV x4  
  129  13:18  SCV x3  
Tags
 
Add a new tag
Caveats
  • Supply blocks, unpowered buildings, or Contaminate may cause inaccurate times.
  • Supply counts are checked every 10 seconds.